 Seeded DCSS version 0.30.1-9-gdf580d7c3d (webtiles) character file.

Game seed: 6351066067085065685 (custom seed)

93 Esekla the Magician (level 4, -1/24 HPs)
             Began as a Deep Elf Wanderer on Oct 24, 2023.
             Was a Follower of Vehumet.
             Slain by a gnoll
             ... wielding a +0 spear
              (6 damage)
             ... on level 2 of the Dungeon.
             The game lasted 00:17:36 (2392 turns).

Esekla the Magician (Deep Elf Wanderer)             Turns: 2392, Time: 00:17:37

Health: -1/24      AC:  4    Str: 11    XL:     4   Next: 36%
Magic:  10/13      EV: 11    Int: 20    God:    Vehumet [*.....]
Gold:   183        SH:  4    Dex: 14    Spells: 7/14 levels left

rFire   . . .        s - +5 rapier of the Hero {heavy, rN+ Dex+3}
rCold   . . .        d - +0 buckler
rNeg    + . .        c - +0 robe
rPois   .            k - +0 helmet
rElec   .            (no cloak)
rCorr   .            j - +0 pair of gloves
SInv    .            (no boots)
Will    .....        (no amulet)
Stlth   ++           (no ring)
HPRegen 0.24/turn    (no ring)
MPRegen 0.13/turn

%: no passive effects
@: very slightly contaminated
A: no striking features
a: Renounce Religion


You were on level 2 of the Dungeon.
You worshipped Vehumet.
Vehumet was aware of your devotion.
You visited 1 branch of the dungeon, and saw 4 of its levels.

You collected 183 gold pieces.

Inventory:

Hand Weapons
 a - a +1 short sword of freezing
 r - a +0 spear
 s - the +5 rapier of the Hero (weapon) {heavy, rN+ Dex+3}
   (You found it on level 3 of the Dungeon)

   Dex:       It affects your dexterity (+3).
   rN:        It protects you from negative energy.
Missiles
 g - 8 poisoned darts (quivered)
Armour
 c - a +0 robe (worn)
 d - a +0 buckler (worn)
 j - a +0 pair of gloves (worn)
 k - a +0 helmet (worn)
Wands
 h - a wand of roots (7)
Scrolls
 m - a scroll of amnesia {unknown}
 n - a scroll of enchant armour {unknown}
 o - a scroll of immolation {unknown}
 p - a scroll of blinking {unknown}
 t - a scroll of fog {unknown}
 v - 3 scrolls of identify {unknown}
Potions
 b - a potion of lignification
 e - a potion of ambrosia {unknown}
 f - 2 potions of curing {unknown}
 i - 2 potions of attraction {unknown}
 l - a potion of mutation {unknown}
 q - 2 potions of brilliance {unknown}
 u - a potion of heal wounds {unknown}


   Skills:
 + Level 0.8 Short Blades
 * Level 1.7 Dodging
 + Level 1.2 Stealth
 + Level 1.7 Shields
 * Level 5.9 Spellcasting
 + Level 0.9 Conjurations
 * Level 1.4 Necromancy
 + Level 2.2 Translocations
 + Level 1.0 Invocations


You had 7 spell levels left.
You knew the following spells:

 Your Spells              Type           Power      Damage    Failure   Level
a - Magic Dart            Conj           36%        1d4       11%         1
b - Blink                 Tloc           30%        N/A       9%          2
d - Vampiric Draining     Necr           11%        2d6       26%         3
p - Apportation           Tloc           30%        N/A       6%          1

Your spell library contained the following spells:

 Spells                   Type           Power      Damage    Failure   Level
 Shock                    Conj/Air       28%        1d4       13%         1
 Lesser Beckoning         Tloc           30%        N/A       9%          2
 Gell's Gravitas          Tloc           15%        N/A       19%         3
 Teleport Other           Tloc           15%        N/A       19%         3
 Ignite Poison            Fire/Tmut/Pois 5%         N/A       43%         3


Dungeon Overview and Level Annotations

Branches:
Dungeon (4/15)
 Temple: D:4-7

Altars:
Okawaru
Vehumet
Zin

Shops:
D:2 =


Message History

Done waiting.
You see here a +0 quarterstaff.
You see here an iguana skeleton.
There is a stone staircase leading down here.
You see here an adder skeleton.
Found 6 gold pieces.
Casting: Blink (safe; 9% risk of failure)
Confirm with . or Enter, or press ? or * to list all spells.
Aiming: Apportation (safe; 6% risk of failure)
Press: ? - help, Dir - move target Apport: 6 gold pieces Yoink!
You pull the items towards yourself.
Casting: Apportation (safe; 6% risk of failure)
Confirm with . or Enter, or press ? or * to list all spells.
Aiming: Apportation (safe; 6% risk of failure)
Press: ? - help, Dir - move target Apport: 6 gold pieces Yoink!
You pull the items towards yourself.
You now have 183 gold pieces (gained 6).
The gnoll shouts!
The gnoll shouts!
Throw: 9 darts (poison)
Press: ? - help, Q - select action, (/) - cycle Shift-Dir - straight line, f - gnoll
Aim: a gnoll, wielding a +0 spear (61% to hit)
You throw a poisoned dart. The poisoned dart hits the gnoll.
The gnoll is poisoned.
You closely miss the gnoll. The gnoll hits you with a +0 flail!
The gnoll hits you with a +0 flail.
Casting: Apportation (safe; 6% risk of failure)
Confirm with . or Enter, or press ? or * to list all spells.
The spell is extremely dangerous to miscast (26% risk of failure)!
Continue anyway?
Aiming: Vampiric Draining (extremely dangerous; 26% risk of failure)
Press: ? - help, Shift-Dir - straight line, f - gnoll, p - gnoll
Aim: a gnoll, wielding a +0 flail (lightly wounded, poisoned)
You miscast Vampiric Draining.
You are very lightly contaminated with residual magic.
Nothing appears to happen.
The gnoll hits you with a +0 flail!
* * * LOW HITPOINT WARNING * * *
The gnoll hits you from afar with a +0 spear.
You die...

##..#######.###..##########.#
#...........# #.<# #.#
##...#######.# #..# #.#
..#..# #)# #..# ##.#
##...#######.#
#..#########.#.###
##..........#
#...........###...
#.##########
#g##########.#.##. #.# #g#
##.###. ###.# ####@# #.###.
....# #....# #..... #####
#....# ####.. #...## #..
##.## #.. #.# #.. #.# #.. #.#
#.. #.# #..


You could see 2 gnolls.

Vanquished Creatures
  An iguana (D:2)
  2 adders (D:2)
  A dart slug (D:1)
  3 orcs
  4 endoplasms
  8 goblins
  4 hobgoblins
  A quokka (D:1)
  6 ball pythons
  4 bats
  4 frilled lizards
  5 kobolds
43 creatures vanquished.

Notes
Turn   | Place    | Note
-------+----------+-------------------------------------------
     0 | D:1      | Esekla the Deep Elf Wanderer began the quest for the Orb.
     0 | D:1      | Esekla set off with the following items: a +0 club, a
                  | potion of lignification, a +0 robe, a +0 buckler; and the
                  | following spells available to memorise: Apportation, Blink,
                  | Lesser Beckoning, Magic Dart, Ignite Poison, Vampiric
                  | Draining.
     0 | D:1      | Reached XP level 1. HP: 10/10 MP: 7/7
     2 | D:1      | Learned a level 1 spell: Magic Dart
     4 | D:1      | Learned a level 1 spell: Apportation
   179 | D:1      | You fall into a shaft and drop 1 floor!
   186 | D:2      | Found a faded altar of an unknown god.
   219 | D:2      | Noticed an iguana
   266 | D:2      | Noticed a black bear
   304 | D:2      | Found Renulab's Jewellery Shop.
   523 | D:4      | Found a radiant altar of Vehumet.
   531 | D:4      | Found an iron altar of Okawaru.
   542 | D:4      | Found a glowing silver altar of Zin.
   629 | D:4      | Became a worshipper of Vehumet
   754 | D:4      | Noticed a gnoll bouda
   783 | D:3      | Reached XP level 2. HP: 15/15 MP: 7/9
   786 | D:3      | Learned a level 2 spell: Blink
   791 | D:3      | Reached skill level 5 in Spellcasting
  1053 | D:3      | Reached skill level 1 in Dodging
  1153 | D:3      | Identified the +5 rapier of the Hero {heavy, rN+ Dex+3}
  1378 | D:2      | Reached XP level 3. HP: 11/19 MP: 11/11
  1382 | D:2      | Learned a level 3 spell: Vampiric Draining
  1486 | D:1      | Reached skill level 1 in Necromancy
  1551 | D:1      | Reached * piety under Vehumet
  1551 | D:1      | Offered knowledge of Shock by Vehumet.
  2011 | D:2      | Reached XP level 4. HP: 24/24 MP: 11/13
  2392 | D:2      | Slain by a gnoll

Illustrated notes

Levels and vault maps discovered:
D:1:      sevenhm_arrival_forest_fort_small_3, layout_rooms,
          chequers_serial_rivers_room_b, minmay_misc_feat_five
D:2:      layout_loops_ring, dreamdust_ecumenical_altar_angels_and_demons,
          serial_shops, shop
D:3:      layout_basic, grunt_temple_overflow_open, minmay_misc_feat_iff
D:4:      layout_basic, nicolae_overflow_quartered_altars, serial_shops,
          nicolae_diamond_shop

Skill      XL: |  1  2  3 |
---------------+----------+-----
Spellcasting   | 5 |  5.9
Dodging        | 1 |  1.7
Necromancy     | 1 |  1.4
Short Blades   | |  0.8
Stealth        | |  1.2
Shields        | |  1.7
Conjurations   | |  0.9
Translocations | |  2.2
Invocations    | |  1.0

Action                     |  1- 3 |  4- 6 || total
---------------------------+-------+-------++-------
  Melee: Short sword       |    22 |       ||    22
         Rapier            |    35 |     3 ||    38
  Throw: Dart              |     4 |     1 ||     5
   Cast: Apportation       |    26 |     2 ||    28
         Magic Dart        |    48 |       ||    48
         Blink             |     1 |       ||     1
  Evoke: Wand              |     2 |       ||     2
    Use: Scroll            |     1 |       ||     1
   Stab: Sleeping          |     2 |       ||     2
 Armour: Robe              |    23 |     1 ||    24
  Dodge: Dodged            |    43 |     1 ||    44
  Block: Buckler           |    13 |     1 ||    14
